 Dungeon Crawl Stone Soup version 0.31-a0-1616-gbeaec30b81 (webtiles) character file.

Game seed: 9034542709832530857

239 shadizar the Charlatan (level 6, 0/47 HPs)
             Began as a Gnoll Artificer on Jan 10, 2024.
             Succumbed to a kobold brigand's curare-tipped dart
             ... in a sewer.
             The game lasted 00:04:25 (2047 turns).

shadizar the Charlatan (Gnoll Artificer)            Turns: 2047, Time: 00:04:25

Health: 0/47       AC:  3    Str: 13    XL:     6   Next: 7%
Magic:  8/8        EV: 12    Int: 10    God:
Gold:   97         SH:  5    Dex: 13    Spells: 8/8 levels left

rFire   . . .        k - +3 whip (spect)
rCold   . . .        (no shield)
rNeg    . . .        b - +0 leather armour
rPois   .            (no helmet)
rElec   .            (no cloak)
rCorr   .            (no gloves)
SInv    .            (no boots)
Will    .....        j - amulet of reflection
Stlth   ++           (no ring)
HPRegen 0.27/turn    (no ring)
MPRegen 0.11/turn

%: reflection
@: lethally poisoned (0 -> -15), slowed, very slow
A: fangs 1, strong nose, distributed training
a: no special abilities


You were in a sewer.
You visited 1 branch of the dungeon, and saw 3 of its levels.
You also visited: Sewer.

You collected 97 gold pieces.

Inventory:

Hand Weapons
 a - a +1 great sword of draining
 k - a +3 spectral whip (weapon)
Armour
 b - a +0 leather armour (worn)
 h - an orb of wrath
Jewellery
 j - an amulet of reflection (around neck)
Wands
 c - a wand of flame (11) (quivered)
 d - a wand of charming (15)
 e - a wand of iceblast (4)
Scrolls
 f - a scroll of teleportation
 l - a scroll of vulnerability
Potions
 g - a potion of heal wounds {unknown}
 i - a potion of degeneration {unknown}
 n - a potion of attraction {unknown}
 p - a potion of resistance


   Skills:
 + Level 3.2 Fighting
 + Level 1.8 Short Blades
 + Level 1.8 Long Blades
 + Level 1.8 Axes
 + Level 1.8 Maces & Flails
 + Level 1.8 Polearms
 + Level 1.8 Staves
 + Level 1.8 Ranged Weapons
 + Level 1.8 Throwing
 + Level 4.9 Armour
 + Level 3.2 Dodging
 + Level 3.0 Stealth
 + Level 1.8 Shields
 + Level 1.8 Unarmed Combat
 + Level 1.8 Spellcasting
 + Level 1.4 Conjurations
 + Level 1.4 Hexes
 + Level 1.4 Summonings
 + Level 1.4 Necromancy
 + Level 1.4 Translocations
 + Level 1.4 Fire Magic
 + Level 1.4 Ice Magic
 + Level 1.4 Air Magic
 + Level 1.4 Earth Magic
 + Level 1.4 Alchemy
 + Level 2.0 Invocations
 + Level 6.8 Evocations
 + Level 1.6 Shapeshifting


You had 8 spell levels left.
You didn't know any spells.
Your spell library was empty.

Dungeon Overview and Level Annotations

Branches:
Dungeon (3/15)              Sewer (1/1)

Altars:
Dithmenos

Annotations:
D:2 1 runed translucent door, Crazy Yiuf


Innate Abilities, Weirdness & Mutations

You have very sharp teeth.
Your uncanny sense of smell can sniff out nearby items.
Your experience applies equally to all skills.


Message History

The kobold brigand is heavily wounded.
Your +3 spectral whip closely misses the kobold brigand.
The kobold completely misses you. The kobold brigand closely misses you.
The kobold barely misses you.
Unknown command.
Unknown command.
You hit the kobold brigand.
The kobold brigand is heavily wounded.
Your +3 spectral whip hits the kobold brigand.
The kobold hits you with a +0 whip.
The kobold brigand hits you with a +0 dagger.
The kobold misses you.
Unknown command.
You hit the kobold brigand. Your bite misses the kobold brigand.
The kobold brigand is severely wounded.
Your +3 spectral whip misses the kobold brigand.
The kobold hits you with a +0 whip.
* * * LOW HITPOINT WARNING * * *
The kobold brigand hits you with a +0 dagger.
* * * LOW HITPOINT WARNING * * *
The kobold hits you but does no damage.
Okay, then.
Your +3 spectral whip disappears.
The kobold brigand throws a curare-tipped dart.
The curare-tipped dart hits you.
You are lethally poisoned!
You have difficulty breathing.
* * * LOW HITPOINT WARNING * * *
You feel yourself slow down.
The kobold throws a stone.
The stone completely misses you. The kobold attacks as it pursues you!
The kobold barely misses you.
There is a large open door here.
Unknown command.
Unknown command.
Unknown command.
Unknown command.
Unknown command.
Unknown command.
Unknown command.
You die...

### ##### #.##.....
########........
#####....#..........
#.∩.#....'..........
#.∩.#.∩KK'..~P~~....
#...#..K.#@P~~P~....
###'########~~######
#≈~~~~~~~~~~~~~~~~~~
#≈≈~≈≈≈≈≈~≈≈≈≈≈~≈≈≈≈
#≈~~~~~~~~~~~~~~~~~~
#################~~~
~~P ∆ ~.


You could see a kobold brigand and a kobold.

Vanquished Creatures
  Sigmund (D:2)
  2 adders (D:2)
  3 dart slugs (D:1)
  A ribbon worm (D:3)
  7 ball pythons
  5 bats
  4 endoplasms
  4 goblins
  6 hobgoblins
  3 quokkas
  4 frilled lizards
  6 kobolds
  6 rats
52 creatures vanquished.

Notes
Turn   | Place    | Note
-------+----------+-------------------------------------------
     0 | D:1      | shadizar the Gnoll Artificer began the quest for the Orb.
     0 | D:1      | Reached XP level 1. HP: 17/17 MP: 1/1
   130 | D:1      | Reached XP level 2. HP: 20/23 MP: 2/2
   555 | D:1      | Reached XP level 3. HP: 28/28 MP: 3/3
  1076 | D:2      | Reached skill level 1 in Invocations
  1135 | D:2      | Reached skill level 1 in Short Blades
  1135 | D:2      | Reached skill level 1 in Long Blades
  1135 | D:2      | Reached skill level 1 in Axes
  1135 | D:2      | Reached skill level 1 in Maces & Flails
  1135 | D:2      | Reached skill level 1 in Polearms
  1135 | D:2      | Reached skill level 1 in Staves
  1135 | D:2      | Reached skill level 1 in Ranged Weapons
  1135 | D:2      | Reached skill level 1 in Throwing
  1135 | D:2      | Reached skill level 1 in Shields
  1135 | D:2      | Reached skill level 1 in Unarmed Combat
  1135 | D:2      | Reached skill level 1 in Spellcasting
  1317 | D:2      | Reached skill level 1 in Shapeshifting
  1317 | D:2      | Reached XP level 4. HP: 24/34 MP: 5/5
  1367 | D:2      | Noticed Sigmund
  1374 | D:2      | Killed Sigmund
  1375 | D:2      | Reached skill level 1 in Conjurations
  1375 | D:2      | Reached skill level 1 in Hexes
  1375 | D:2      | Reached skill level 1 in Summonings
  1375 | D:2      | Reached skill level 1 in Necromancy
  1375 | D:2      | Reached skill level 1 in Translocations
  1375 | D:2      | Reached skill level 1 in Fire Magic
  1375 | D:2      | Reached skill level 1 in Ice Magic
  1375 | D:2      | Reached skill level 1 in Air Magic
  1375 | D:2      | Reached skill level 1 in Earth Magic
  1375 | D:2      | Reached skill level 1 in Alchemy
  1375 | D:2      | Reached XP level 5. HP: 29/41 MP: 5/7
  1375 | D:2      | Reached XP level 6. HP: 33/47 MP: 5/8
  1594 | D:2      | Found a runed translucent door.
  1595 | D:2      | Noticed Crazy Yiuf
  1956 | D:3      | Found a shadowy altar of Dithmenos.
  1995 | D:3      | Found a glowing drain.
  2016 | Sewer    | Entered a sewer
  2047 | Sewer    | Succumbed to a kobold brigand's curare-tipped dart

Illustrated notes

Levels and vault maps discovered:
D:1:      lightli_arrival_noodles, layout_loops_ring, dk_noncrumbling_4,
          minmay_misc_feat_five, minmay_3d_cube
D:2:      layout_basic, uniq_sigmund, uniq_crazy_yiuf_cottage
D:3:      layout_rooms, nicolae_overflow_crystal_walls, serial_shops, shop,
          portal_sewer_entry_b, shapermc_ecumenical_altar_venn, minmay_pentangle
Sewer:    kennysheep_pipe_town

Skill      XL: |  1  2  3  4 |
---------------+-------------+-----
Invocations    | 1 2 |  2.0
Short Blades   | 1 |  1.8
Long Blades    | 1 |  1.8
Axes           | 1 |  1.8
Maces & Flails | 1 |  1.8
Polearms       | 1 |  1.8
Staves         | 1 |  1.8
Ranged Weapons | 1 |  1.8
Throwing       | 1 |  1.8
Shields        | 1 |  1.8
Unarmed Combat | 1 |  1.8
Spellcasting   | 1 |  1.8
Shapeshifting  | 1 |  1.6
Fighting       | 3 |  3.2
Dodging        | 3 |  3.2
Stealth        | 3 |  3.0
Conjurations   | 1 |  1.4
Hexes          | 1 |  1.4
Summonings     | 1 |  1.4
Necromancy     | 1 |  1.4
Translocations | 1 |  1.4
Fire Magic     | 1 |  1.4
Ice Magic      | 1 |  1.4
Air Magic      | 1 |  1.4
Earth Magic    | 1 |  1.4
Alchemy        | 1 |  1.4
Armour         | |  4.9
Evocations     | |  6.8

Action                     |  1- 3 |  4- 6 || total
---------------------------+-------+-------++-------
  Melee: Club              |    66 |       ||    66
         Bite              |     7 |     6 ||    13
         Whip              |    66 |    43 ||   109
         Punch             |       |     1 ||     1
  Evoke: Wand              |       |     5 ||     5
    Use: Scroll            |       |     9 ||     9
   Stab: Sleeping          |     2 |       ||     2
 Armour: Leather armour    |    90 |    25 ||   115
  Dodge: Dodged            |   103 |    40 ||   143
  Block: Other             |       |     3 ||     3

Table legend: (Time is in decaauts)
 A = Elapsed time spent in this place.
 B = Non-inter-level travel time spent in this place.
 C = Inter-level travel time spent in this place.
 D = Time resting spent in this place.
 E = Time spent auto-exploring this place.
 F = Levels seen in this place.
 G = Mean time per level.
                   A        B        C        D        E       F      G
               +--------+--------+--------+--------+--------+-----+--------+
         Total |   2077 |   2034 |     43 |      0 |   1490 |   4 |  519.2 |
       Dungeon |   2040 |   1997 |     43 |      0 |   1473 |   3 |  680.0 |
         Sewer |     37 |     37 |      0 |      0 |     17 |   1 |   37.0 |
               +--------+--------+--------+--------+--------+-----+--------+

Top non-repeatable levels by time:
     D:2: 983 daAuts
     D:1: 863 daAuts
     D:3: 193 daAuts
   Sewer: 37 daAuts
